 Dungeon Crawl Stone Soup version 0.25.1-8-g42b30a86e7 (webtiles) character file.

Game seed: 2867425913549407464

4573 Smoky173 the Grappler (level 10, -8/136 HPs)
             Began as a Troll Berserker on Dec 26, 2020.
             Was a Priest of Trog.
             Mangled by a nine-headed hydra (13 damage)
             ... on level 2 of the Lair of Beasts on Dec 27, 2020.
             The game lasted 00:46:12 (5825 turns).

Smoky173 the Grappler (Troll Berserker)             Turns: 5825, Time: 00:46:14

Health: -8/136     AC: 13    Str: 29    XL:     10   Next: 18%
Magic:  8/8        EV: 12    Int:  3    God:    Trog [***...]
Gold:   493        SH:  0    Dex: 10    Spells: 9/9 levels left

rFire    . . .     SeeInvis +     - Unarmed
rCold    . . .     Gourm    +   (no shield)
rNeg     . . .     Faith    .   a - +1 animal skin
rPois    .         Spirit   .   (helmet restricted)
rElec    .         Reflect  .   (no cloak)
rCorr    .         Harm     .   (gloves unavailable)
MR       .....                  (boots unavailable)
Stlth    ..........             (no amulet)
HPRegen  0.72/turn              D - +4 ring of protection
MPRegen  0.11/turn              R - ring of see invisible

@: berserking, very quick
A: large, unfitting armour, claws 3, horns 1, slimy green scales 1, fast
metabolism 3, frail 1, gourmand, low mp 1, regeneration 1, shaggy fur 1, tough
skin 3
a: Berserk, Trog's Hand, Renounce Religion


You were on level 2 of the Lair of Beasts.
You worshipped Trog.
Trog was most pleased with you.
You were not hungry.

You visited 2 branches of the dungeon, and saw 12 of its levels.

You collected 493 gold pieces.

Inventory:

Hand Weapons
 g - a +1 dagger
 j - a +0 short sword
 p - a +0 hand axe
 F - a cursed +0 spear
 L - a +0 flail
 M - a +0 club
 N - a +0 halberd
 O - a +0 whip
 T - a +0 quarterstaff
Missiles
 f - 99 arrows
 r - 11 poisoned darts (quivered)
 t - 105 bolts
 v - 250 stones
 w - 4 javelins
Armour
 a - a +1 animal skin (worn)
 c - a +0 chain mail
 i - a +0 robe
 q - a +0 robe
 u - a +0 robe
 x - a +0 cloak
 z - a +0 pair of gloves
 J - a +0 helmet
 K - a +0 robe
 X - a +0 leather armour
Magical Staves
 I - an uncursed staff of wizardry {unknown}
Jewellery
 k - a cursed ring of teleportation {unknown}
 C - a +4 ring of evasion
 D - a +4 ring of protection (left claw)
 P - an uncursed ring of protection from magic {unknown}
 R - a ring of see invisible (right claw)
 W - a cursed amulet of faith
Wands
 y - a wand of random effects (15)
 A - a wand of flame (13)
 S - a wand of paralysis (8)
Scrolls
 e - 2 scrolls of magic mapping
 h - a scroll of remove curse
 o - 2 scrolls of amnesia
 s - 3 scrolls of noise
 B - 5 scrolls of teleportation
 E - a scroll of enchant armour
 G - a scroll of acquirement {unknown}
 Q - a scroll of vulnerability
 U - 2 scrolls of torment
 Y - a scroll of immolation
 Z - a scroll of blinking {unknown}
Potions
 d - 3 potions of curing {unknown}
 l - 4 potions of lignification
 n - 2 potions of flight {unknown}
 H - a potion of stabbing {unknown}
 V - a potion of heal wounds {unknown}
Comestibles
 b - 10 rations


   Skills:
 * Level 7.2 Fighting
 + Level 5.0 Armour
 + Level 5.8 Dodging
 * Level 9.4 Unarmed Combat


You had 9 spell levels left.
You didn't know any spells.
Your spell library contained the following spells:

 Spells                   Type           Power        Failure   Level  Hunger
 Corona                   Hex            #......      52%         1    ##.....
 Freeze                   Ice            #...         52%         1    ##.....
 Slow                     Hex            #.......     67%         2    ###....
 Frozen Ramparts          Ice            #.....       88%         3    ####...
 Inner Flame              Hex/Fire       #.......     88%         3    ####...
 Ozocubu's Armour         Chrm/Ice       #.......     88%         3    ####...
 Portal Projectile        Hex/Tloc       #.....       88%         3    ####...
 Cause Fear               Hex            #.........   99%         4    #####..
 Hailstorm                Conj/Ice       #.......     99%         4    #####..
 Leda's Liquefaction      Hex/Erth       #.........   99%         4    #####..
 Summon Ice Beast         Ice/Summ       #.......     99%         4    #####..


Dungeon Overview and Level Annotations

Branches:
Dungeon (10/15)              Lair (2/6) D:10
 Temple: D:4-7        Swamp: Lair:2-4    Shoals: Lair:2-4     Snake: Lair:2-4
 Spider: Lair:2-4       Orc: D:9-12

Altars:
Okawaru
Wu Jian


Innate Abilities, Weirdness & Mutations

You are too large for most types of armour.
You have claws for hands.
Your metabolism is lightning-fast.
You like to eat raw meat.
Your natural rate of healing is unusually fast.
You are covered in fur. (AC +1)
You have extremely tough skin. (AC +3)
You have a pair of small horns on your head.
You are partially covered in slimy green scales. (AC +2)
You are frail. (-10% HP)
Your magical capacity is low. (-10% MP)


Message History

The seven-headed hydra closely misses you.
The seven-headed hydra barely misses you. x2
The seven-headed hydra bites you!
* * * LOW HITPOINT WARNING * * *
The seven-headed hydra bites you but does no damage.
You claw one of the seven-headed hydra's heads off!
The six-headed hydra grows two more!
You mangle the eight-headed hydra!! You headbutt the eight-headed hydra.
The eight-headed hydra is severely wounded.
You are too berserk!
You rip one of the eight-headed hydra's heads off!
The seven-headed hydra grows two more!
You claw the nine-headed hydra! x2
The nine-headed hydra is almost dead.
You barely miss the nine-headed hydra.
The nine-headed hydra is almost dead.
The nine-headed hydra closely misses you.
The nine-headed hydra bites you.
* * * LOW HITPOINT WARNING * * *
The nine-headed hydra bites you!
You die...

#.. #......
....#...................##
#...#....##..............#
#........ #..............
#...#...####..#...........
....P...P##...............
...PP...# ##..#...$.......
.>......# #P..............
...#....# #....@D........
#....####.....%........
##...#P##..............
#........##...........
#........##........#.#
##........##........# #
#.........##........#
##........##........#
#........##..#.##..#


You could see a nine-headed hydra.

Vanquished Creatures
  A black mamba (Lair:1)
  The ghost of lasso the Chopper, a novice MiFi (D:5)
  2 komodo dragons
  A troll (D:10)
  2 wyverns
  A hungry ghost (D:9)
  3 water moccasins
  A porcupine (Lair:1)
  A sky beast (D:10)
  A black bear (Lair:2)
  2 ice beasts (D:9)
  2 phantoms
  A necrophage (D:7)
  4 crocodiles
  2 centaurs (D:8)
  3 bullfrogs
  A wyvern skeleton (D:10)
  A scorpion (D:2)
  A water moccasin skeleton (D:7)
  A water moccasin zombie (D:9)
  4 killer bees (D:9)
  A bullfrog zombie (D:6)
  5 crimson imps
  A quasit (D:6)
  2 orc priests (D:8)
  2 hounds
  A jelly (D:10)
  An orc wizard (D:8)
  A worker ant (D:8)
  A killer bee zombie (D:5)
  2 hound skeletons
  A howler monkey zombie (D:7)
  2 worker ant zombies (D:9)
  7 gnolls
  8 adders
  2 shadow imps
  4 worms
  2 leopard geckos
  3 orcs
  5 giant cockroaches
  3 goblins
  6 hobgoblins
  3 kobolds
  A quokka (D:2)
  A ball python (D:1)
  5 bats
  2 frilled lizards (D:1)
  A quokka zombie (D:8)
  5 rats
  3 fungi (Lair:1)
  10 plants
127 creatures vanquished.

Vanquished Creatures (others)
  A plant (D:10)
1 creature vanquished.

Grand Total: 128 creatures vanquished

Notes
Turn   | Place    | Note
-------+----------+-------------------------------------------
     0 | D:1      | Smoky173 the Troll Berserker began the quest for the Orb.
     0 | D:1      | Reached XP level 1. HP: 22/22 MP: 0/0
   234 | D:1      | Reached XP level 2. HP: 23/29 MP: 1/1
   890 | D:2      | Reached ** piety under Trog
   899 | D:2      | Noticed a scorpion
   910 | D:2      | Killed a scorpion
   910 | D:2      | Reached skill level 1 in Armour
   910 | D:2      | Reached XP level 3. HP: 30/36 MP: 2/2
   910 | D:2      | Reached XP level 4. HP: 37/44 MP: 3/3
  1265 | D:3      | Reached skill level 4 in Unarmed Combat
  2653 | D:4      | Reached XP level 5. HP: 49/53 MP: 4/4
  2765 | D:4      | Gained mutation: You are frail. (-10% HP) [potion of
                  | mutation]
  2765 | D:4      | Gained mutation: Your body sometimes deteriorates upon
                  | taking damage. [potion of mutation]
  2765 | D:4      | Lost mutation: You are frail. (-10% HP) [potion of
                  | mutation]
  2765 | D:4      | Gained mutation: You are partially covered in iridescent
                  | scales. (AC +2) [potion of mutation]
  2766 | D:4      | Lost mutation: Your body sometimes deteriorates upon taking
                  | damage. [potion of mutation]
  2766 | D:4      | Lost mutation: You are partially covered in iridescent
                  | scales. (AC +2) [potion of mutation]
  2766 | D:4      | Gained mutation: Potions are less effective at restoring
                  | your health. [potion of mutation]
  2766 | D:4      | Gained mutation: Your flesh is cold resistant. (rC+)
                  | [potion of mutation]
  2774 | D:5      | Entered Level 5 of the Dungeon
  2778 | D:5      | Noticed a phantom
  2792 | D:5      | Killed a phantom
  2792 | D:5      | Reached XP level 6. HP: 51/61 MP: 5/5
  2798 | D:5      | Found a runed translucent door.
  2799 | D:5      | Noticed lasso's ghost (novice MiFi)
  2840 | D:5      | Killed lasso's ghost
  2840 | D:5      | Reached skill level 5 in Unarmed Combat
  2840 | D:5      | Reached XP level 7. HP: 19/68 MP: 6/6
  3272 | D:5      | Lost mutation: Your flesh is cold resistant. (rC+) [potion
                  | of mutation]
  3272 | D:5      | Lost mutation: Potions are less effective at restoring your
                  | health. [potion of mutation]
  3272 | D:5      | Gained mutation: You have a pair of small horns on your
                  | head. [potion of mutation]
  3272 | D:5      | Gained mutation: You are frail. (-10% HP) [potion of
                  | mutation]
  3272 | D:5      | Gained mutation: Your magical capacity is low. (-10% MP)
                  | [potion of mutation]
  3272 | D:5      | Gained mutation: You are partially covered in slimy green
                  | scales. (AC +2) [potion of mutation]
  3742 | D:6      | Reached skill level 6 in Unarmed Combat
  3975 | D:7      | Found an ornate altar of the Wu Jian Council.
  4100 | D:7      | Reached *** piety under Trog
  4103 | D:7      | Reached XP level 8. HP: 70/70 MP: 6/6
  4257 | D:8      | Reached skill level 7 in Unarmed Combat
  4455 | D:9      | Reached skill level 5 in Fighting
  4543 | D:9      | Reached XP level 9. HP: 79/79 MP: 7/7
  4605 | D:9      | Reached skill level 8 in Unarmed Combat
  4633 | D:9      | Reached skill level 5 in Dodging
  4742 | D:10     | Entered Level 10 of the Dungeon
  4778 | D:10     | Reached **** piety under Trog
  4896 | D:10     | Noticed a troll
  4902 | D:10     | Killed a troll
  4928 | D:10     | Found a staircase to the Lair.
  4929 | D:10     | Noticed a komodo dragon
  4953 | D:10     | Killed a komodo dragon
  5035 | Lair:1   | Entered Level 1 of the Lair of Beasts
  5101 | Lair:1   | Noticed a black mamba
  5111 | Lair:1   | Killed a black mamba
  5111 | Lair:1   | Reached skill level 9 in Unarmed Combat
  5220 | Lair:1   | Found an iron altar of Okawaru.
  5352 | Lair:1   | Reached XP level 10. HP: 86/90 MP: 8/8
  5732 | Lair:2   | Reached skill level 5 in Armour
  5811 | Lair:2   | Noticed a four-headed hydra
  5825 | Lair:2   | HP: 5/136 [nine-headed hydra (3)]
  5825 | Lair:2   | Mangled by a nine-headed hydra

Illustrated notes

Levels and vault maps discovered:
D:1:      giann_wishing_wells, layout_basic
D:2:      kennysheep_the_goblin_king, layout_rooms, minmay_misc_feat_nine_boxes
D:3:      layout_basic, first_ration
D:4:      layout_loops_corners, serial_shops, nicolae_shop_statue_plus,
          uniq_robin, uniq_duvessa, uniq_natasha
D:5:      lemuel_ice_spiral_2, layout_basic, ebering_ghost_sewer_d,
          kennysheep_potato
D:6:      layout_loops_ring
D:7:      layout_basic, lemuel_doored_altar, temple_fountains,
          uniq_crazy_yiuf_cottage
D:8:      layout_rooms
D:9:      layout_basic
D:10:     layout_long_grid, david_lair_shrubbed, david_orc_5
Lair:1:   layout_small_grid, maelrawn_ghost_gauntlet_escape, basic_altar,
          hibernation_bobbens, grunt_megastairs_4
Lair:2:   layout_long_grid, eino_house_with_fridge, minmay_lair_oklob_chamber

Skill      XL: |  1  2  3  4  5  6  7  8  9 10 |
---------------+-------------------------------+-----
Armour         | 1 2 3 4 5 |  5.0
Unarmed Combat | 4 5 6 7 9 |  9.4
Fighting       | 3 4 5 6 7 |  7.2
Dodging        | 3 4 5 |  5.8

Action                   |  1- 3 |  4- 6 |  7- 9 | 10-12 || total
-------------------------+-------+-------+-------+-------++-------
Melee: Unarmed           |    64 |   102 |   254 |    43 ||   463
       Punch             |       |     2 |    15 |     2 ||    19
       Headbutt          |       |       |    61 |    10 ||    71
Throw: Dart              |       |     3 |     2 |       ||     5
Invok: Berserk           |       |     1 |     4 |     2 ||     7
       Trog's Hand       |       |       |     1 |     1 ||     2
       Brothers in Arms  |       |       |     1 |       ||     1
Evoke: Wand              |       |     4 |       |       ||     4
  Use: Scroll            |     3 |     2 |     6 |     5 ||    16
       Potion            |       |     2 |     2 |       ||     4
 Stab: Sleeping          |       |       |     1 |     1 ||     2
  Eat: Chunk             |    11 |     8 |    21 |     3 ||    43
       Ration            |       |     2 |     4 |     1 ||     7
Armor: Animal skin       |    29 |    17 |    72 |    14 ||   132
Dodge: Dodged            |    27 |    50 |    97 |    24 ||   198
